 Dungeon Crawl Stone Soup version 0.30.1-11-g7821555f0a (webtiles) character file.

Game seed: 15259588183214753094

198 kiugh the Covered (level 5, 0/47 HPs)
             Began as a Minotaur Fighter on Nov 27, 2023.
             Was a Believer of Uskayaw.
             Slain by Pikel
             ... wielding a +2 whip of freezing
              (16 damage)
             ... on level 4 of the Dungeon.
             The game lasted 00:23:31 (2955 turns).

kiugh the Covered (Minotaur Fighter)                Turns: 2955, Time: 00:23:32

Health: 0/47       AC:  8    Str: 23    XL:     5   Next: 47%
Magic:  4/4        EV:  9    Int:  5    God:    Uskayaw [**....]
Gold:   167        SH:  4    Dex:  9    Spells: 4/4 levels left

rFire   + . .        k - +2 dagger (venom)
rCold   . . .        c - +0 buckler
rNeg    . . .        b - +0 scale mail
rPois   .            (helmet restricted)
rElec   .            h - +0 cloak
rCorr   .            (no gloves)
SInv    .            (no boots)
Will    .....        (no amulet) Stlth
                     t - ring of protection from fire
HPRegen 0.27/turn    (no ring)
MPRegen 0.09/turn

%: no passive effects
@: no status effects
A: horns 2, retaliatory headbutt
a: Renounce Religion, Stomp, Line Pass


You were on level 4 of the Dungeon.
You worshipped Uskayaw.
Uskayaw was noncommittal.
You visited 1 branch of the dungeon, and saw 4 of its levels.

You collected 167 gold pieces.

Inventory:

Hand Weapons
 a - a +0 war axe
 k - a +2 dagger of venom (weapon)
 n - a +2 sling of draining
 w - a +0 club
Missiles
 e - 23 stones
 i - 7 boomerangs (quivered)
 s - 2 throwing nets
 u - 7 poisoned darts
Armour
 b - a +0 scale mail (worn)
 c - a +0 buckler (worn)
 h - a +0 cloak (worn)
Jewellery
 t - a ring of protection from fire (left hand)
Scrolls
 f - 3 scrolls of identify {unknown}
 j - a scroll of noise {unknown}
 o - a scroll of brand weapon {unknown}
 q - a scroll of enchant armour {unknown}
 x - a scroll of teleportation {unknown}
 y - a scroll of immolation {unknown}
Potions
 d - a potion of might
 g - 2 potions of heal wounds {unknown}
 l - a potion of curing {unknown}
 m - a potion of attraction {unknown}
 p - 2 potions of invisibility {unknown}
 r - a potion of brilliance {unknown}
 v - a potion of mutation {unknown}


   Skills:
 * Level 4.6 Fighting
 - Level 1.1 Short Blades
 * Level 4.0 Axes
 * Level 5.1 Armour
 - Level 0.2 Dodging
 - Level 0.1 Stealth
 * Level 4.5 Shields


You had 4 spell levels left.
You didn't know any spells.
Your spell library contained the following spells:

 Spells                   Type           Power      Damage    Failure   Level
 Cigotuvi's Dreadful Rot  Necr/Pois/Air  0%         N/A       93%         2
 Poisonous Vapours        Pois/Air       0%         N/A       93%         2
 Mephitic Cloud           Conj/Pois/Air  0%         N/A       99%         3
 Dispel Undead            Necr           0%         3d6       100%        4
 Freezing Cloud           Conj/Ice/Air   0%         6-21      100%        5
 Death Channel            Necr           0%         N/A       100%        6


Dungeon Overview and Level Annotations

Branches:
Dungeon (4/15)
 Temple: D:4-7

Altars:
Uskayaw

Annotations:
D:4 Pikel


Innate Abilities, Weirdness & Mutations

You have a pair of horns on your head.
You reflexively headbutt those who attack you in melee.


Message History

Pikel hits you with a +2 whip of freezing.
Pikel freezes you.
You hit Pikel.
Pikel is lightly wounded.
The giant cockroach bites you but does no damage.
Pikel hits you with a +2 whip of freezing.
Pikel freezes you.
You hit Pikel.
Pikel is lightly wounded.
You block the giant cockroach's attack.
Pikel drinks a potion.
Pikel seems to grow stronger.
You barely miss Pikel.
Pikel is lightly wounded.
The giant cockroach closely misses you. The lemure hits you but does no damage.
Pikel hits you with a +2 whip of freezing!
Pikel freezes you. The lemure hits you but does no damage.
You hit Pikel but do no damage.
Pikel is poisoned.
Your headbutt misses Pikel.
Pikel is lightly wounded.
You block the giant cockroach's attack. The giant cockroach barely misses you.
The lemure barely misses you. You furiously retaliate!
You headbutt the lemure.
Pikel hits you with a +2 whip of freezing.
Pikel freezes you. The lemure hits you.
You hit Pikel. Your headbutt misses Pikel.
Pikel is moderately wounded.
The giant cockroach misses you. You furiously retaliate!
You headbutt the giant cockroach. You block the lemure's attack.
Pikel hits you with a +2 whip of freezing.
Pikel freezes you. The lemure hits you but does no damage.
You can now pass through a line of other dancers.
You hit Pikel but do no damage.
Pikel looks as sick as possible!
Pikel is moderately wounded.
The giant cockroach bites you but does no damage.
The lemure hits you but does no damage. Pikel closely misses you.
The lemure hits you.
You hit Pikel but do no damage.
Pikel looks as sick as possible!
Your headbutt misses Pikel.
Pikel is moderately wounded.
The giant cockroach closely misses you. The lemure hits you.
Pikel hits you with a +2 whip of freezing!
You die...

...##...# ..# ... ......
#..##..####.####.# .......
##..#.....#......# ##........
##.....#......##.###.........
.##...##...#..##.#...........
..#...##...#.................
.........###..55##...........
#.............SB5##..........
.....))...#..###@5##5........
...)))....#....##K...........
..............5###.........##
......))##......##.........#
......<.).......5#...........
......)..........S5..........
......#......................
##....#...........#.......##.
###..####..##.....######....


You could see Pikel (strong, extremely poisoned), 4 lemures, an adder and a
giant cockroach.

Vanquished Creatures
  Natasha (thrice) (D:2)
  2 adders
  A worm (D:2)
  4 dart slugs
  9 orcs (D:4)
  3 endoplasms
  2 giant cockroaches (D:1)
  18 goblins
  9 hobgoblins
  3 jackals (D:2)
  7 ball pythons
  7 bats
  3 frilled lizards
  7 kobolds
  6 rats
84 creatures vanquished.

Notes
Turn   | Place    | Note
-------+----------+-------------------------------------------
     0 | D:1      | kiugh the Minotaur Fighter began the quest for the Orb.
     0 | D:1      | Reached XP level 1. HP: 19/19 MP: 0/0
   248 | D:1      | Reached skill level 4 in Armour
   265 | D:1      | Reached XP level 2. HP: 27/27 MP: 1/1
  1117 | D:2      | Reached XP level 3. HP: 33/33 MP: 2/2
  1306 | D:2      | Noticed Natasha
  1319 | D:2      | Killed Natasha
  1320 | D:2      | Reached skill level 1 in Short Blades
  1323 | D:2      | Reached XP level 4. HP: 27/40 MP: 3/3
  1836 | D:2      | Noticed Natasha
  1852 | D:2      | Killed Natasha
  1920 | D:2      | Noticed Natasha
  1926 | D:2      | Killed Natasha
  1927 | D:2      | Reached XP level 5. HP: 43/45 MP: 4/4
  2124 | D:3      | Found a hide-covered altar of Uskayaw.
  2134 | D:3      | Became a worshipper of Uskayaw the Reveller
  2207 | D:3      | Reached * piety under Uskayaw
  2418 | D:3      | Reached ** piety under Uskayaw
  2420 | D:3      | Reached skill level 5 in Armour
  2916 | D:4      | Noticed a lemure
  2916 | D:4      | Noticed a lemure
  2917 | D:4      | Noticed a lemure
  2917 | D:4      | Noticed Pikel
  2927 | D:4      | Noticed a lemure
  2955 | D:4      | Slain by Pikel

Illustrated notes

Levels and vault maps discovered:
D:1:      dpeg_arrival_circle_labyrinth_b, layout_basic
D:2:      layout_basic, uniq_natasha
D:3:      cheibrodos_greedy_goblins, layout_loops_cross,
          nicolae_uskayaw_murder_on_the_dancefloor, kennysheep_generic_room_15
D:4:      layout_cave_pools, uniq_pikel, uniq_ijyb, uniq_eustachio

Skill      XL: |  1  2  3  4  5 |
---------------+----------------+-----
Armour         | 4 5 |  5.1
Fighting       | 4 |  4.6
Axes           | 3 4 |  4.0
Short Blades   | 1 |  1.1
Shields        | 4 |  4.5
Dodging        | |  0.2
Stealth        | |  0.1

Action                     |  1- 3 |  4- 6 || total
---------------------------+-------+-------++-------
  Melee: War axe           |    32 |       ||    32
         Headbutt          |     6 |    20 ||    26
         Dagger            |    50 |   118 ||   168
   Fire: Sling             |       |     2 ||     2
  Throw: Stone             |     1 |       ||     1
 Armour: Scale mail        |    36 |    45 ||    81
  Dodge: Dodged            |    24 |    51 ||    75
  Block: Buckler           |    16 |    25 ||    41
